 Dungeon Crawl Stone Soup version 0.30-a0-737-gf23d94013f (webtiles) character file.

Game seed: 15760708118239253930

1029 Dittersdorf the Covered (level 8, -8/51 HPs)
             Began as a Gargoyle Fighter on Feb 1, 2023.
             Mangled by an ogre
             ... wielding a +0 giant club
              (26 damage)
             ... on level 5 of the Dungeon.
             The game lasted 00:07:49 (4324 turns).

Dittersdorf the Covered (Gargoyle Fighter)          Turns: 4324, Time: 00:07:49

Health: -8/51      AC: 15    Str: 22    XL:     8   Next: 23%
Magic:  8/8        EV: 14    Int:  9    God:
Gold:   149        SH:  6    Dex:  9    Spells: 7/7 levels left

rFire   . . .      SeeInvis .    a - +1 flail
rCold   . . .      Faith    .    c - +1 buckler
rNeg    + . .      Spirit   .    b - +0 scale mail
rPois   ∞          Reflect  .    (no helmet)
rElec   +          Harm     .    w - +0 cloak
rCorr   +          Rampage  .    d - +0 pair of gloves
Will    .....                    (no boots) Stlth
                                 q - amulet of magic regeneration
HPRegen 0.28/turn                o - ring of resist corrosion
MPRegen 0.51/turn                r - +5 ring of evasion

@: no status effects
A: sickness immunity, AC +5, negative energy resistance 1, electricity
resistance, torment resistance 1, petrification resistance
a: no special abilities


You were on level 5 of the Dungeon.
You visited 1 branch of the dungeon, and saw 5 of its levels.
You also visited: Sewer.

You collected 149 gold pieces.

Inventory:

Hand Weapons
 a - a +1 flail (weapon)
Missiles
 l - a throwing net (quivered)
Armour
 b - a +0 scale mail (worn)
 c - a +1 buckler (worn)
 d - a +0 pair of gloves (worn)
 w - a +0 cloak (worn)
Jewellery
 j - a ring of fire
 o - a ring of resist corrosion (left hand)
 q - an amulet of magic regeneration (around neck)
 r - a +5 ring of evasion (right hand)
Scrolls
 e - 2 scrolls of enchant armour
 i - a scroll of teleportation
Potions
 f - 5 potions of curing {unknown}
 g - 2 potions of invisibility {unknown}
 h - a potion of might
 k - 6 potions of haste {unknown}
 m - 3 potions of cancellation {unknown}
 n - a potion of brilliance
 s - 2 potions of heal wounds
 u - 2 potions of mutation {unknown}
 v - 2 potions of magic


   Skills:
 + Level 6.0 Fighting
 + Level 5.0 Maces & Flails
 + Level 6.1 Armour
 + Level 6.0 Shields


You had 7 spell levels left.
You didn't know any spells.
Your spell library contained the following spells:

 Spells                   Type           Power      Damage    Failure   Level
 Poisonous Vapours        Pois/Air       0%         N/A       88%         2
 Mephitic Cloud           Conj/Pois/Air  0%         N/A       98%         3
 Cigotuvi's Dreadful Rot  Necr/Pois/Air  Unusable   N/A       N/A         2

Dungeon Overview and Level Annotations

Branches:
Dungeon (5/15)              Sewer (visited)
 Temple: D:4-7

Altars:
Dithmenos
Fedhas
Trog
Uskayaw

Shops:
D:1 !


Innate Abilities, Weirdness & Mutations

You are immune to sickness and miasma.
Your stone body is resilient. (AC +5)
You are immune to poison.
You resist negative energy. (rN+)
You are resistant to electric shocks. (rElec)
You are resistant to unholy torment.
You are immune to petrification.


Message History

The ogre is moderately wounded.
The scorpion barely misses you. You block the ogre's attack.
You block the scorpion's attack.
You completely miss the ogre.
The ogre is moderately wounded.
The scorpion stings you but does no damage.
The ogre closely misses you.
You hit the ogre but do no damage.
The ogre is moderately wounded.
The scorpion barely misses you. The ogre misses you.
You hit the ogre.
The ogre is moderately wounded.
The scorpion completely misses you. You block the scorpion's attack.
You hit the ogre.
The ogre is heavily wounded.
The ogre hits you with a +0 giant club!!
The scorpion stings you but does no damage.
You are too injured to fight recklessly!
You are too injured to fight recklessly!
You are too injured to fight recklessly!
You are too injured to fight recklessly!
You are too injured to fight recklessly!
You are too injured to fight recklessly!
You are too injured to fight recklessly!
You are too injured to fight recklessly!
You are too injured to fight recklessly!
You are too injured to fight recklessly!
You are too injured to fight recklessly!
You are too injured to fight recklessly!
You are too injured to fight recklessly!
You are too injured to fight recklessly!
You are too injured to fight recklessly!
You are too injured to fight recklessly!
You are too injured to fight recklessly!
You hit the ogre.
The ogre is heavily wounded.
The scorpion stings you but does no damage.
The ogre hits you with a +0 giant club!!
Ouch! That really hurt!
You die...

#..P....P....#.........
#..PP..P.P...##.#......
#...............##.....
**#............##**#.....
**.*#.........#..####.....
**,..##.....#..#...........
*,,.........#<####..##...#.
*,,.........#..#....##..##.
**,,.......@.......####.###.
**,,,.......Os.##.###....# #.
**,,,,..........###.......#*#.
**,,,,,...##....##*#...##...*##
*,,,,,,#..,.....#*,#.<..#...,*#
**,,,**#.,.###...............,#
***** *,[#**.............###..
*##* *#.#...#......#*...
**#...#.>...##*#..


You could see an ogre and a scorpion.

Vanquished Creatures
  Sigmund (D:2)
  An ogre (D:3)
  A kobold brigand (Sewer)
  Blork the orc (D:5)
  A scorpion (D:5)
  2 hounds
  2 jellies
  A gnoll bouda (D:4)
  An orc priest (D:3)
  3 iguanas (D:4)
  An orc wizard (D:3)
  6 gnolls
  8 adders
  4 river rats (Sewer)
  A shadow imp (D:5)
  An ufetubus (D:4)
  A worm (D:2)
  5 dart slugs
  12 orcs
  6 bats
  4 endoplasms
  A giant cockroach (D:2)
  10 goblins
  5 hobgoblins
  2 jackals (D:1)
  21 kobolds
  5 quokkas
  13 ball pythons
  5 frilled lizards
  13 rats
138 creatures vanquished.

Vanquished Creatures (others)
  17 fungi (D:5)
17 creatures vanquished.

Grand Total: 155 creatures vanquished

Notes
Turn   | Place    | Note
-------+----------+-------------------------------------------
     0 | D:1      | Dittersdorf the Gargoyle Fighter began the quest for the
                  | Orb.
     0 | D:1      | Reached XP level 1. HP: 14/14 MP: 1/1
   151 | D:1      | Reached XP level 2. HP: 12/19 MP: 2/2
   160 | D:1      | You fall into a shaft and drop 1 floor!
   160 | D:2      | Identified the +4 short sword "Beastslayer" {protect, Will-
                  | Str+6}
   393 | D:1      | Reached XP level 3. HP: 16/23 MP: 3/3
   499 | D:1      | Found Nuzo's Distillery.
   940 | D:2      | Noticed Sigmund
   947 | D:2      | Killed Sigmund
   948 | D:2      | Reached XP level 4. HP: 27/30 MP: 4/4
   948 | D:2      | Reached XP level 5. HP: 31/34 MP: 5/5
  1113 | D:2      | Found a faded altar of an unknown god.
  1412 | D:3      | Reached XP level 6. HP: 39/39 MP: 6/6
  1463 | D:3      | Found a blossoming altar of Fedhas.
  1747 | D:3      | Found a hide-covered altar of Uskayaw.
  2226 | D:3      | Reached skill level 5 in Armour
  2351 | D:4      | Reached skill level 5 in Fighting
  2351 | D:4      | Reached skill level 5 in Shields
  2351 | D:4      | Reached XP level 7. HP: 39/44 MP: 7/7
  2406 | D:4      | Found a bloodstained altar of Trog.
  3219 | D:5      | Entered Level 5 of the Dungeon
  3237 | D:5      | Found a shadowy altar of Dithmenos.
  3345 | D:5      | Noticed Blork the orc
  3346 | D:5      | Found a glowing drain.
  3358 | D:5      | Killed Blork the orc
  3378 | Sewer    | Entered a sewer
  3442 | Sewer    | Reached XP level 8. HP: 45/51 MP: 8/8
  4196 | D:4      | Reached skill level 5 in Maces & Flails
  4324 | D:5      | Mangled by an ogre

Illustrated notes

Levels and vault maps discovered:
D:1:      dpeg_arrival_signposts, layout_basic, serial_shops,
          nicolae_shop_hallway_stairs
D:2:      layout_loops_cross, dreamdust_ecumenical_altar_statues, uniq_sigmund
D:3:      layout_loops_ring, fedhas_altar_fruit_tree,
          mainiacjoe_overflow_concentric_impassable
D:4:      layout_cave_pools, mainiacjoe_overflow_boulevard, grunt_ministairs_14
D:5:      layout_cave_pools, mainiacjoe_overflow_chevrons, lemuel_round_altar,
          cheibrodos_sewer_entry_sluice, uniq_blork_the_orc

Skill      XL: |  1  2  3  4  5  6  7  8 |
---------------+-------------------------+-----
Fighting       | 4 5 6 |  6.0
Maces & Flails | 3 4 5 |  5.0
Armour         | 4 5 6 |  6.1
Shields        | 4 5 6 |  6.0

Action                     |  1- 3 |  4- 6 |  7- 9 || total
---------------------------+-------+-------+-------++-------
  Melee: Flail             |   113 |   134 |   350 ||   597
    Use: Potion            |     1 |       |       ||     1
         Scroll            |       |       |    12 ||    12
 Armour: Scale mail        |    88 |    44 |   170 ||   302
  Dodge: Dodged            |    86 |    81 |   359 ||   526
  Block: Buckler           |    23 |    29 |   164 ||   216

Table legend: (Time is in decaauts)
 A = Elapsed time spent in this place.
 B = Non-inter-level travel time spent in this place.
 C = Inter-level travel time spent in this place.
 D = Time resting spent in this place.
 E = Time spent auto-exploring this place.
 F = Levels seen in this place.
 G = Mean time per level.
                   A        B        C        D        E       F      G
               +--------+--------+--------+--------+--------+-----+--------+
         Total |   4492 |   4317 |    175 |    556 |   2447 |   6 |  748.7 |
       Dungeon |   3802 |   3627 |    175 |    556 |   2013 |   5 |  760.4 |
         Sewer |    689 |    689 |      0 |      0 |    434 |   1 |  689.0 |
               +--------+--------+--------+--------+--------+-----+--------+

Top non-repeatable levels by time:
     D:4: 1039 daAuts
     D:3: 1001 daAuts
     D:1: 725 daAuts
     D:2: 704 daAuts
   Sewer: 689 daAuts
     D:5: 331 daAuts
